SA
LAREDO HAWKS @ CALDWELL CHIEFS
05/20/2038
 
TOP OF THE 1ST
Laredo Hawks batting - Pitching for Caldwell Chiefs : RHP John Sparks
Pitching: RHP John Sparks
Batting: RHB Paul Pitts 0-0: Ball
1-0: Ball
2-0: Ball
3-0: Called Strike
3-1: SINGLE (Line Drive, 34D, EV 97.5 MPH)
Batting: RHB Ji-hyun Yi 0-0: Fly out, F8 (Flyball, 8RD, EV 91.9 MPH)
Batting: RHB Robby Long 0-0: Ball
1-0: Ball
2-0: Ball
3-0: Called Strike
3-1: Foul Ball, location: 2F
3-2: Base on Balls
Paul Pitts to second
Batting: RHB Eddie Neef 0-0: Called Strike
0-1: Ball
1-1: Ball
2-1: Called Strike
2-2: SINGLE (Flyball, 4MD, EV 88.1 MPH)
Paul Pitts to third
Robby Long to second
Batting: RHB Jesús Gómez 0-0: Called Strike
0-1: Fielders Choice at 2nd, 4-6 (Groundball, 4, EV 109.4 MPH)
Paul Pitts scores
Robby Long to third
Batting: RHB Jessie Gibbs 0-0: Swinging Strike
0-1: Fly out, F8 (Line Drive, 8LM, EV 105.6 MPH)
Top of the 1st over - 1 run, 2 hits, 0 errors, 2 left on base; Laredo 1 - Caldwell 0
BOTTOM OF THE 1ST
Caldwell Chiefs batting - Pitching for Laredo Hawks : LHP Miguel Núñez
Pitching: LHP Miguel Núñez
Batting: LHB Rafael Urrutiz 0-0: Foul Ball, location: 2F
0-1: Ball
1-1: Foul Ball, location: 2F
1-2: Strikes out swinging
Batting: RHB Junji Ito 0-0: Ball
1-0: Fly out, F1 (Line Drive, P, EV 66.2 MPH)
Batting: RHB Elias den Blick 0-0: Fly out, F4 (Popup, 3D, EV 51.9 MPH)
Bottom of the 1st over - 0 runs, 0 hits, 0 errors, 0 left on base; Laredo 1 - Caldwell 0
TOP OF THE 2ND
Laredo Hawks batting - Pitching for Caldwell Chiefs : RHP John Sparks
Batting: RHB Barton Boreland 0-0: Foul Ball, location: 2F
0-1: Ground out 6-3 (Groundball, 6, EV 105.0 MPH)
Batting: LHB Henry Head 0-0: Ball
1-0: Ball
2-0: DOUBLE (Flyball, 8RXD, EV 97.5 MPH)
Batting: LHB Justice Bigbie 0-0: Ground out U3 (Groundball, 3S, EV 69.4 MPH)
Henry Head to third
Batting: RHB Paul Pitts 0-0: Swinging Strike
0-1: Ball
1-1: Foul Ball, location: 2F
1-2: Strikes out swinging
Top of the 2nd over - 0 runs, 1 hit, 0 errors, 1 left on base; Laredo 1 - Caldwell 0
BOTTOM OF THE 2ND
Caldwell Chiefs batting - Pitching for Laredo Hawks : LHP Miguel Núñez
Batting: RHB Ricardo Urby 0-0: Ball
1-0: Ball
2-0: Ball
3-0: Base on Balls
Batting: RHB Miguel Contreras 0-0: Ball
Wild Pitch!
Ricardo Urby to second
1-0: Foul Ball, location: 2F
1-1: Foul Ball, location: 2F
1-2: Strikes out swinging
Batting: RHB Sayed Walid 0-0: Foul Ball, location: 2F
0-1: Swinging Strike
0-2: Foul Ball, location: 2F
0-2: Ground out 1-3 (Groundball, 25, EV 65.0 MPH)
Batting: SHB Shing Li 0-0: Ball
1-0: Called Strike
1-1: Ball
2-1: Foul Ball, location: 2F
2-2: Strikes out swinging
Bottom of the 2nd over - 0 runs, 0 hits, 0 errors, 1 left on base; Laredo 1 - Caldwell 0
TOP OF THE 3RD
Laredo Hawks batting - Pitching for Caldwell Chiefs : RHP John Sparks
Batting: RHB Ji-hyun Yi 0-0: SINGLE (Groundball, 6MD, EV 104.4 MPH)
Batting: RHB Robby Long 0-0: SINGLE (Groundball, 4MD, EV 94.4 MPH)
Ji-hyun Yi to second
Runner from 2nd tries for 3rd, SAFE, no throw by CF
Batting: RHB Eddie Neef 0-0: Foul Ball, location: 2F
0-1: Ball
Wild Pitch!
Ji-hyun Yi scores
Robby Long to second
1-1: Ball
2-1: Ball
Wild Pitch!
Robby Long to third
3-1: Base on Balls
Batting: RHB Jesús Gómez 0-0: Ball
1-0: SINGLE (Groundball, 6MD, EV 98.1 MPH)
Robby Long scores
Eddie Neef to second
Batting: RHB Jessie Gibbs 0-0: Ball
1-0: Ball
Wild Pitch!
Eddie Neef to third
Jesús Gómez to second
2-0: Ball
3-0: Base on Balls
Batting: RHB Barton Boreland 0-0: Ball
1-0: Ball
2-0: Foul Ball, location: 2F
2-1: Fielders Choice at 2nd, 4-6 (Groundball, 34, EV 104.4 MPH)
Eddie Neef scores
Jesús Gómez to third
Batting: LHB Henry Head 0-0: Called Strike
Barton Boreland steals 2nd base
0-1: Ground out 4-3 (Groundball, 4, EV 97.5 MPH)
Jesús Gómez scores
Barton Boreland to third
Batting: LHB Justice Bigbie 0-0: Called Strike
0-1: Swinging Strike
0-2: Ball
1-2: Ball
2-2: Ball
3-2: Strikes out swinging
Top of the 3rd over - 4 runs, 3 hits, 0 errors, 1 left on base; Laredo 5 - Caldwell 0
BOTTOM OF THE 3RD
Caldwell Chiefs batting - Pitching for Laredo Hawks : LHP Miguel Núñez
Batting: RHB Jacob King 0-0: Called Strike
0-1: Foul Ball, location: 2F
0-2: Ball
1-2: Ball
2-2: Ball
3-2: Foul Ball, location: 2F
3-2: Base on Balls
Batting: RHB Rafael Manawis 0-0: Called Strike
0-1: Ball
1-1: Swinging Strike
1-2: Ball
2-2: Ball
3-2: Grounds into double play, 1-6-3 (Groundball, 13S, EV 70.0 MPH)
Batting: LHB Rafael Urrutiz 0-0: Foul Ball, location: 2F
0-1: Swinging Strike
0-2: Foul Ball, location: 2F
0-2: Strikes out looking
Bottom of the 3rd over - 0 runs, 0 hits, 0 errors, 0 left on base; Laredo 5 - Caldwell 0
TOP OF THE 4TH
Laredo Hawks batting - Pitching for Caldwell Chiefs : RHP John Sparks
Batting: RHB Paul Pitts 0-0: Ball
1-0: Foul Ball, location: 2F
1-1: Swinging Strike
1-2: Foul Ball, location: 2F
1-2: Foul Ball, location: 2F
1-2: Ball
2-2: Strikes out swinging
Batting: RHB Ji-hyun Yi 0-0: Called Strike
0-1: Swinging Strike
0-2: Ball
1-2: Strikes out swinging
Batting: RHB Robby Long 0-0: Called Strike
0-1: Ball
1-1: Called Strike
1-2: Ball
2-2: Strikes out looking
Top of the 4th over - 0 runs, 0 hits, 0 errors, 0 left on base; Laredo 5 - Caldwell 0
BOTTOM OF THE 4TH
Caldwell Chiefs batting - Pitching for Laredo Hawks : LHP Miguel Núñez
Batting: RHB Junji Ito 0-0: Ball
1-0: Called Strike
1-1: TRIPLE (Flyball, 8LXD, EV 93.1 MPH)
Batting: RHB Elias den Blick 0-0: Ball
1-0: Called Strike
1-1: TRIPLE (Flyball, 78XD, EV 89.4 MPH)
Junji Ito scores
Batting: RHB Ricardo Urby 0-0: Ball
1-0: Foul Ball, location: 2F
1-1: Foul Ball, location: 2F
1-2: Ball
2-2: Foul Ball, location: 2F
2-2: Ball
3-2: Foul Ball, location: 2F
3-2: SINGLE (Flyball, 89S, EV 91.2 MPH)
Elias den Blick scores
Batting: RHB Miguel Contreras 0-0: Ball
1-0: Ball
2-0: Called Strike
2-1: Foul Ball, location: 2F
2-2: Ball
3-2: Fly out, F9 (Flyball, 9, EV 90.0 MPH)
Batting: RHB Sayed Walid 0-0: Ball
1-0: Foul Ball, location: 2F
1-1: Ball
2-1: Ball
3-1: 2-RUN HOME RUN (Flyball, 89XD, EV 102.5 MPH), Distance : 397 ft
Batting: SHB Shing Li 0-0: Ball
1-0: Ball
2-0: Ball
3-0: Called Strike
3-1: Foul Ball, location: 2F
3-2: Ground out U3 (Groundball, 3, EV 85.0 MPH)
Batting: RHB Jacob King 0-0: Swinging Strike
0-1: Ball
1-1: DOUBLE (Line Drive, 89XD, EV 105.0 MPH)
Batting: RHB Rafael Manawis 0-0: Called Strike
0-1: Ball
1-1: Ball
2-1: DOUBLE (Flyball, 7LD, EV 94.4 MPH)
Jacob King scores
Pitching: RHP Javier Iturburua
Batting: LHB Rafael Urrutiz 0-0: Called Strike
0-1: Ball
1-1: Ball
2-1: Ball
3-1: Base on Balls
Batting: RHB Junji Ito 0-0: Swinging Strike
0-1: Called Strike
0-2: Strikes out swinging
Bottom of the 4th over - 5 runs, 6 hits, 0 errors, 2 left on base; Laredo 5 - Caldwell 5
TOP OF THE 5TH
Laredo Hawks batting - Pitching for Caldwell Chiefs : RHP John Sparks
Pitching: RHP Yo Hamada
Batting: RHB Eddie Neef 0-0: Foul Ball, location: 2F
0-1: Ground out 6-3 (Groundball, 6, EV 97.5 MPH)
Batting: RHB Jesús Gómez 0-0: Fly out, F9 (Flyball, 9S, EV 90.0 MPH)
Batting: RHB Jessie Gibbs 0-0: Reached on error, E1 (Groundball, 25, EV 68.1 MPH)
Batting: RHB Barton Boreland 0-0: Ball
1-0: Called Strike
1-1: Swinging Strike
1-2: Foul Ball, location: 2F
1-2: Ground out 5-3 (Groundball, 56S, EV 88.8 MPH)
Top of the 5th over - 0 runs, 0 hits, 1 error, 1 left on base; Laredo 5 - Caldwell 5
BOTTOM OF THE 5TH
Caldwell Chiefs batting - Pitching for Laredo Hawks : RHP Javier Iturburua
Batting: RHB Elias den Blick 0-0: Ball
1-0: Called Strike
1-1: Ball
2-1: Ground out 6-3 (Groundball, 56, EV 100.0 MPH)
Batting: RHB Ricardo Urby 0-0: SOLO HOME RUN (Flyball, 78XD, EV 104.4 MPH), Distance : 445 ft
Batting: RHB Miguel Contreras 0-0: Ball
1-0: Ball
2-0: Ball
3-0: Foul Ball, location: 2F
3-1: DOUBLE (Flyball, 8LXD, EV 97.5 MPH)
Batting: RHB Sayed Walid 0-0: Ball
1-0: Ground out 6-3 (Groundball, 6, EV 109.4 MPH)
Batting: SHB Shing Li 0-0: Foul Ball, location: 2F
0-1: Ball
1-1: Called Strike
1-2: Single, Error in OF, E8, batter to second base (Line Drive, 8RS, EV 106.9 MPH)
Miguel Contreras scores
Batting: RHB Jacob King 0-0: Ball
1-0: Foul Ball, location: 2F
1-1: Foul Ball, location: 2F
1-2: Strikes out swinging
Bottom of the 5th over - 2 runs, 3 hits, 1 error, 1 left on base; Laredo 5 - Caldwell 7
TOP OF THE 6TH
Laredo Hawks batting - Pitching for Caldwell Chiefs : RHP Yo Hamada
Batting: LHB Henry Head 0-0: Called Strike
0-1: Ball
1-1: Foul Ball, location: 2F
1-2: Strikes out swinging
Batting: LHB Justice Bigbie 0-0: Called Strike
0-1: Ball
1-1: Ball
2-1: Ball
3-1: Called Strike
3-2: Base on Balls
Batting: RHB Paul Pitts 0-0: Ball
1-0: Foul Ball, location: 2F
1-1: Ball
2-1: Foul Ball, location: 2F
2-2: DOUBLE (Line Drive, 89M, EV 94.4 MPH)
Justice Bigbie to third
Runner from 3rd tries for Home, SAFE, no throw by RF
Batting: RHB Ji-hyun Yi 0-0: Called Strike
0-1: Ground out 5-3 (Groundball, 56S, EV 90.0 MPH)
Batting: RHB Robby Long 0-0: Called Strike
0-1: Ball
1-1: Ball
2-1: Ground out 6-3 (Groundball, 6MS, EV 90.6 MPH)
Top of the 6th over - 1 run, 1 hit, 0 errors, 1 left on base; Laredo 6 - Caldwell 7
BOTTOM OF THE 6TH
Caldwell Chiefs batting - Pitching for Laredo Hawks : RHP Javier Iturburua
Batting: RHB Rafael Manawis 0-0: Ball
1-0: Ball
2-0: SINGLE (Line Drive, 9S, EV 86.9 MPH)
Batting: LHB Rafael Urrutiz 0-0: Sac Bunt to 13 - play at first, batter OUT! 1-3
Rafael Manawis to second
Batting: RHB Junji Ito 0-0: Ball
1-0: Fly out, F7 (Flyball, 7LS, EV 78.1 MPH)
Batting: RHB Elias den Blick 0-0: Called Strike
0-1: Ball
1-1: Ball
2-1: Called Strike
2-2: Strikes out swinging
Bottom of the 6th over - 0 runs, 1 hit, 0 errors, 1 left on base; Laredo 6 - Caldwell 7
TOP OF THE 7TH
Laredo Hawks batting - Pitching for Caldwell Chiefs : RHP Yo Hamada
Batting: RHB Eddie Neef 0-0: Called Strike
0-1: Ball
1-1: SINGLE (Groundball, 56D, EV 97.5 MPH)
Batting: RHB Jesús Gómez 0-0: Ball
1-0: Ball
2-0: Foul Ball, location: 2F
2-1: Ball
3-1: Foul Ball, location: 2F
3-2: Fielders Choice at 2nd, 1-4 (Groundball, 15, EV 91.9 MPH)
Pinch Hitting: SHB Florante Reboris 0-0: Foul Ball, location: 2F
0-1: Ball
1-1: Swinging Strike
1-2: Ball
2-2: Foul Ball, location: 2F
2-2: Strikes out looking
Pinch Hitting: LHB Carlos Árias 0-0: Called Strike
0-1: Foul Ball, location: 2F
0-2: Strikes out looking
Top of the 7th over - 0 runs, 1 hit, 0 errors, 1 left on base; Laredo 6 - Caldwell 7
BOTTOM OF THE 7TH
Caldwell Chiefs batting - Pitching for Laredo Hawks : RHP Javier Iturburua
Now in CF: Mark Bakker
Now in RF: Florante Reboris
Batting: RHB Ricardo Urby 0-0: Ball
1-0: Ball
2-0: Called Strike
2-1: Foul Ball, location: 2F
2-2: Ground out 6-3 (Groundball, 4M, EV 106.9 MPH)
Batting: RHB Miguel Contreras 0-0: Foul Ball, location: 2F
0-1: Called Strike
0-2: Foul Ball, location: 2F
0-2: Ball
1-2: Foul Ball, location: 2F
1-2: Ball
2-2: Foul Ball, location: 2F
2-2: Foul Ball, location: 2F
2-2: SINGLE (Line Drive, 56D, EV 93.8 MPH)
Pitching: RHP Wendell Drabek
Batting: RHB Sayed Walid 0-0: Fly out, F8 (Flyball, 8LM, EV 76.9 MPH)
Batting: SHB Shing Li 0-0: Ball
Miguel Contreras is caught stealing 2nd base 2-6
Bottom of the 7th over - 0 runs, 1 hit, 0 errors, 0 left on base; Laredo 6 - Caldwell 7
TOP OF THE 8TH
Laredo Hawks batting - Pitching for Caldwell Chiefs : RHP Yo Hamada
Batting: LHB Henry Head 0-0: Swinging Strike
0-1: Foul Ball, location: 2F
0-2: Fly out, F8 (Flyball, 8RM, EV 90.0 MPH)
Batting: LHB Justice Bigbie 0-0: Ball
1-0: Ball
2-0: Called Strike
2-1: Swinging Strike
2-2: Ball
3-2: Strikes out looking
Batting: RHB Paul Pitts 0-0: Ball
1-0: Ball
2-0: Foul Ball, location: 2F
2-1: Swinging Strike
2-2: Ball
3-2: Foul Ball, location: 2F
3-2: Base on Balls
Pitching: RHP Rubén Medina
Batting: RHB Ji-hyun Yi 0-0: Foul Ball, location: 2F
0-1: Foul Ball, location: 2F
0-2: Ball
1-2: Strikes out swinging
Top of the 8th over - 0 runs, 0 hits, 0 errors, 1 left on base; Laredo 6 - Caldwell 7
BOTTOM OF THE 8TH
Caldwell Chiefs batting - Pitching for Laredo Hawks : RHP Wendell Drabek
Batting: SHB Shing Li 0-0: Ball
1-0: Foul Ball, location: 2F
1-1: Ball
2-1: Foul Ball, location: 2F
2-2: Ball
3-2: Base on Balls
Batting: RHB Jacob King 0-0: Sac Bunt to 3S - play at first, batter OUT! 3-1
Shing Li to second
Batting: RHB Rafael Manawis 0-0: Ball
1-0: Foul Ball, location: 2F
1-1: Swinging Strike
1-2: SINGLE (Groundball, 56D, EV 103.1 MPH)
Shing Li to third
Batting: LHB Rafael Urrutiz 0-0: Called Strike
0-1: Swinging Strike
0-2: SINGLE (Groundball, 3, EV 90.0 MPH) (infield hit)
Shing Li scores
Rafael Manawis to second
Batting: RHB Junji Ito 0-0: Foul Ball, location: 2F
0-1: Fielders Choice at 2nd, 5-4 (Groundball, 56S, EV 87.5 MPH)
Rafael Manawis to third
Batting: RHB Elias den Blick 0-0: Ball
1-0: Ball
2-0: Ball
3-0: Called Strike
3-1: Called Strike
3-2: Fly out, F3 (Popup, 3SF, EV 73.8 MPH)
Bottom of the 8th over - 1 run, 2 hits, 0 errors, 2 left on base; Laredo 6 - Caldwell 8
TOP OF THE 9TH
Laredo Hawks batting - Pitching for Caldwell Chiefs : RHP Rubén Medina
Pitching: LHP Vasile Alexandrescu
Batting: RHB Robby Long 0-0: Ball
1-0: Ball
2-0: Called Strike
2-1: Ball
3-1: Base on Balls
Batting: RHB Eddie Neef 0-0: Called Strike
0-1: Called Strike
0-2: Strikes out swinging
Batting: RHB Jesús Gómez 0-0: Called Strike
0-1: Ball
1-1: Ball
2-1: Ball
3-1: Base on Balls
Robby Long to second
Pinch Hitting: RHB Fernando Soto 0-0: Called Strike
0-1: Swinging Strike
0-2: Strikes out looking
Batting: RHB Mark Bakker 0-0: Called Strike
0-1: Ball
1-1: Ball
2-1: Foul Ball, location: 2F
2-2: Foul Ball, location: 2F
2-2: Foul Ball, location: 2F
2-2: Strikes out swinging
Top of the 9th over - 0 runs, 0 hits, 0 errors, 2 left on base; Laredo 6 - Caldwell 8
Friday, April 17th, 2020 - OOTP Baseball 20.8 Build 74